2955 views
Uploaded 2020-03-30 22:13:49
Game version 1.32.3
25:15 long 3on3 ladder game on (6)GnollWood
Saved by BEARAND
2955 views
Uploaded 2020-03-30 22:13:49
Game version 1.32.3
25:15 long 3on3 ladder game on (6)GnollWood


137 units @ 19.5k
/ 2.9k
60 buildings @ 7.1k
/ 2.7k


| Wisp | 12 | 720 | / | 0 |
| Archer | 2 | 260 | / | 20 |
| Huntress | 20 | 3900 | / | 400 |
| Glaive Thrower | 7 | 1470 | / | 455 |
| total: | 41 | 6350g | / | 875w |
| Altar of Elders | 1 | 180 | / | 50 |
| Moon Well | 5 | 900 | / | 200 |
| Ancient of War | 4 | 600 | / | 240 |
| Hunter's Hall | 1 | 210 | / | 100 |
| Ancient of Wonders | 1 | 90 | / | 30 |
| Tree of Ages | 1 | 320 | / | 180 |
| Tree of Eternity | 1 | 330 | / | 200 |
| total: | 12 | 1980g | / | 620w |
| 0:03 | Wisp |
| 0:03 | Wisp |
| 0:06 | Altar of Elders |
| 0:19 | Moon Well |
| 0:26 | Wisp |
| 0:40 | Ancient of War |
| 0:45 | Wisp |
| 0:50 | Wisp |
| 0:53 | Ancient of War |
| 1:02 | Wisp |
| 1:24 | Wisp |
| 1:38 | Wisp |
| 1:44 | Hunter's Hall |
| 1:57 | Moon Well |
| 2:01 | Wisp |
| 2:04 | Wisp |
| 2:10 | Archer |
| 2:13 | Wisp |
| 2:17 | Force of Nature |
| 2:49 | Huntress |
| 3:13 | Huntress |
| 3:24 | Huntress |
| 3:32 | Moon Well |
| 3:37 | Strength of the Moon |
| 3:56 | Huntress |
| 4:44 | Entangling Roots |
| 5:18 | Ancient of War |
| 5:20 | Huntress |
| 5:23 | Moon Armor |
| 5:24 | Tree of Ages |
| 6:07 | Ancient of Wonders |
| 6:29 | Strength of the Wild |
| 6:32 | Ultravision |
| 6:36 | Archer |
| 6:41 | Huntress |
| 7:00 | Glaive Thrower |
| 7:20 | Huntress |
| 7:40 | Ancient of War |
| 7:53 | Huntress |
| 8:24 | Entangling Roots |
| 8:33 | Improved Strength of the Moon |
| 8:35 | Moon Glaive |
| 8:47 | Moon Well |
| 8:50 | Wisp |
| 9:17 | Huntress |
| 9:33 | Moon Well |
| 9:40 | Improved Moon Armor |
| 9:48 | Huntress |
| 10:57 | Glaive Thrower |
| 12:45 | Trueshot Aura |
| 12:56 | Huntress |
| 13:17 | Glaive Thrower |
| 13:19 | Huntress |
| 13:21 | Glaive Thrower |
| 14:46 | Vorpal Blades |
| 14:47 | Huntress |
| 15:14 | Huntress |
| 15:25 | Huntress |
| 17:19 | Tree of Eternity |
| 17:44 | Glaive Thrower |
| 18:01 | Searing Arrows |
| 18:35 | Huntress |
| 19:56 | Huntress |
| 19:58 | Advanced Strength of the Moon |
| 19:59 | Well Spring |
| 20:44 | Huntress |
| 21:17 | Glaive Thrower |
| 21:55 | Huntress |
| 22:24 | Glaive Thrower |
| 23:02 | Huntress |
| 24:29 | Sentinel |
| Right click | 1579 |
| Select | 311 |
| Select group | 285 |
| Misc. action | 167 |
| Build/train/purchase | 68 |
| Assign group | 48 |
| Chat | 33 |
| Use ability | 28 |
| Remove unit | 8 |
| Minimap ping | 7 |



| Scroll of Regeneration | 1 | 100 |
| Lesser Clarity Potion | 1 | 70 |
| Ivory Tower | 3 | 120 |
| Dust of Appearance | 1 | 75 |
| total: | 6 | 365g |
| Peasant | 29 | 2175 | / | 0 |
| Footman | 9 | 1215 | / | 0 |
| Rifleman | 7 | 1435 | / | 210 |
| Mortar Team | 16 | 2880 | / | 1120 |
| Priest | 4 | 540 | / | 40 |
| total: | 65 | 8245g | / | 1370w |
| Scout Tower | 12 | 360 | / | 240 |
| Arcane Tower | 7 | 490 | / | 350 |
| Guard Tower | 3 | 210 | / | 150 |
| Altar of Kings | 1 | 180 | / | 50 |
| Barracks | 2 | 320 | / | 120 |
| Farm | 14 | 1120 | / | 280 |
| Arcane Vault | 1 | 130 | / | 30 |
| Town Hall | 1 | 385 | / | 205 |
| Blacksmith | 1 | 140 | / | 60 |
| Lumber Mill | 1 | 120 | / | 0 |
| Workshop | 2 | 280 | / | 280 |
| Arcane Sanctum | 1 | 150 | / | 140 |
| Keep | 1 | 320 | / | 210 |
| Castle | 1 | 360 | / | 210 |
| total: | 36 | 3185g | / | 1405w |
| 0:01 | Peasant |
| 0:11 | Altar of Kings |
| 0:18 | Barracks |
| 0:21 | Peasant |
| 0:32 | Peasant |
| 0:38 | Farm |
| 0:45 | Peasant |
| 0:53 | Farm |
| 0:58 | Peasant |
| 1:03 | Peasant |
| 1:19 | Footman |
| 1:29 | Scout Tower |
| 1:39 | Peasant |
| 1:41 | Footman |
| 1:56 | Arcane Vault |
| 2:06 | Footman |
| 2:12 | Summon Water Elemental |
| 2:33 | Peasant |
| 2:36 | Farm |
| 3:26 | Footman |
| 3:26 | Footman |
| 3:29 | Arcane Tower |
| 3:40 | Brilliance Aura |
| 3:50 | Town Hall |
| 4:00 | Peasant |
| 4:05 | Farm |
| 4:13 | Scroll of Regeneration |
| 4:14 | Lesser Clarity Potion |
| 4:22 | Peasant |
| 4:23 | Peasant |
| 4:48 | Peasant |
| 5:02 | Footman |
| 5:23 | Peasant |
| 5:40 | Footman |
| 5:47 | Footman |
| 5:48 | Keep |
| 6:03 | Dust of Appearance |
| 6:05 | Footman |
| 6:12 | Blacksmith |
| 6:18 | Lumber Mill |
| 6:42 | Peasant |
| 6:43 | Peasant |
| 6:43 | Peasant |
| 7:35 | Rifleman |
| 7:58 | Barracks |
| 8:03 | Rifleman |
| 8:10 | Peasant |
| 8:10 | Peasant |
| 8:13 | Peasant |
| 8:14 | Peasant |
| 8:30 | Peasant |
| 8:35 | Scout Tower |
| 8:45 | Rifleman |
| 8:53 | Workshop |
| 9:06 | Ivory Tower |
| 9:06 | Ivory Tower |
| 9:06 | Ivory Tower |
| 9:10 | Arcane Tower |
| 9:14 | Scout Tower |
| 9:15 | Peasant |
| 9:15 | Peasant |
| 9:16 | Peasant |
| 9:44 | Workshop |
| 9:53 | Farm |
| 10:04 | Arcane Tower |
| 10:08 | Scout Tower |
| 10:12 | Storm Bolt |
| 10:17 | Mortar Team |
| 10:20 | Rifleman |
| 11:04 | Peasant |
| 11:09 | Peasant |
| 11:27 | Scout Tower |
| 11:28 | Arcane Tower |
| 11:32 | Peasant |
| 11:40 | Castle |
| 11:42 | Peasant |
| 11:56 | Farm |
| 12:08 | Scout Tower |
| 12:10 | Scout Tower |
| 12:12 | Arcane Tower |
| 12:33 | Peasant |
| 13:09 | Scout Tower |
| 13:10 | Scout Tower |
| 13:12 | Arcane Tower |
| 13:13 | Guard Tower |
| 13:25 | Scout Tower |
| 13:28 | Scout Tower |
| 13:32 | Scout Tower |
| 13:44 | Farm |
| 13:52 | Farm |
| 13:58 | Farm |
| 14:06 | Arcane Tower |
| 14:09 | Guard Tower |
| 14:12 | Guard Tower |
| 14:13 | Farm |
| 14:15 | Farm |
| 14:17 | Farm |
| 14:23 | Mortar Team |
| 14:25 | Rifleman |
| 14:46 | Mortar Team |
| 14:48 | Rifleman |
| 14:56 | Farm |
| 14:59 | Farm |
| 15:20 | Fragmentation Shards |
| 15:21 | Mortar Team |
| 15:49 | Mortar Team |
| 15:58 | Summon Water Elemental |
| 16:06 | Black Gunpowder |
| 16:47 | Arcane Sanctum |
| 17:18 | Mortar Team |
| 17:39 | Thunder Clap |
| 17:44 | Mortar Team |
| 18:27 | Mortar Team |
| 18:42 | Mortar Team |
| 18:54 | Holy Light |
| 19:09 | Priest |
| 19:10 | Priest |
| 19:10 | Priest |
| 19:44 | Mortar Team |
| 20:12 | Rifleman |
| 20:42 | Mortar Team |
| 21:00 | Mortar Team |
| 21:34 | Mortar Team |
| 21:52 | Mortar Team |
| 22:27 | Priest |
| 23:01 | Mortar Team |
| 23:10 | Mortar Team |
| Right click | 1480 |
| Select | 633 |
| Select group | 601 |
| Misc. action | 245 |
| Build/train/purchase | 117 |
| Assign group | 32 |
| Use ability | 26 |
| Esc | 6 |
| Minimap ping | 3 |
| Item give/drop | 1 |


| Healing Salve | 2 | 200 |
| Lesser Clarity Potion | 2 | 140 |
| Potion of Mana | 1 | 200 |
| Potion of Healing | 1 | 150 |
| Orb of Lightning | 1 | 375 |
| total: | 7 | 1065g |
| Peon | 9 | 675 | / | 0 |
| Grunt | 7 | 1400 | / | 0 |
| Demolisher | 4 | 880 | / | 200 |
| Raider | 11 | 1980 | / | 440 |
| total: | 31 | 4935g | / | 640w |
| Altar of Storms | 1 | 180 | / | 50 |
| Orc Burrow | 6 | 960 | / | 240 |
| Barracks | 1 | 180 | / | 50 |
| Voodoo Lounge | 1 | 130 | / | 30 |
| War Mill | 1 | 205 | / | 0 |
| Beastiary | 2 | 290 | / | 280 |
| Stronghold | 1 | 315 | / | 190 |
| Fortress | 1 | 325 | / | 190 |
| total: | 12 | 1945g | / | 650w |
| 0:01 | Peon |
| 0:02 | Peon |
| 0:02 | Peon |
| 0:11 | Altar of Storms |
| 0:23 | Orc Burrow |
| 0:35 | Barracks |
| 0:51 | Peon |
| 0:53 | Peon |
| 1:10 | Peon |
| 1:33 | Orc Burrow |
| 1:37 | Grunt |
| 1:47 | Peon |
| 1:58 | Voodoo Lounge |
| 2:16 | Wind Walk |
| 2:31 | Grunt |
| 3:14 | Grunt |
| 3:24 | Stronghold |
| 3:52 | Grunt |
| 4:19 | Orc Burrow |
| 4:43 | Grunt |
| 4:48 | War Mill |
| 4:49 | Healing Salve |
| 4:53 | Lesser Clarity Potion |
| 5:22 | Grunt |
| 5:47 | Berserker Strength |
| 5:56 | Beastiary |
| 5:58 | Beastiary |
| 6:09 | Critical Strike |
| 6:43 | Steel Armor |
| 6:47 | Orc Burrow |
| 7:37 | Orc Burrow |
| 7:38 | Orc Burrow |
| 7:40 | Demolisher |
| 7:53 | Hex |
| 8:35 | Demolisher |
| 8:50 | Raider |
| 8:52 | Ensnare |
| 9:38 | Raider |
| 12:15 | Wind Walk |
| 12:37 | Raider |
| 13:11 | Demolisher |
| 13:13 | Peon |
| 13:13 | Peon |
| 13:47 | Thorium Armor |
| 13:47 | Steel Melee Weapons |
| 13:48 | Fortress |
| 14:51 | Raider |
| 14:53 | Demolisher |
| 15:11 | Healing Wave |
| 15:21 | Grunt |
| 15:22 | Raider |
| 16:14 | Raider |
| 19:06 | Raider |
| 19:57 | Raider |
| 20:30 | Potion of Mana |
| 20:30 | Potion of Healing |
| 20:33 | Lesser Clarity Potion |
| 20:34 | Healing Salve |
| 20:34 | Orb of Lightning |
| 23:12 | Raider |
| 23:50 | Raider |
| 24:29 | Raider |
| Right click | 1756 |
| Select | 290 |
| Select group | 174 |
| Build/train/purchase | 73 |
| Use ability | 54 |
| Assign group | 36 |
| Misc. action | 20 |
| Minimap ping | 3 |
| Esc | 1 |
66 units @ 5.1k
/ 0.3k
179 buildings @ 16.1k
/ 7.6k


| Healing Salve | 3 | 300 |
| Lesser Clarity Potion | 7 | 490 |
| Orb of Lightning | 2 | 750 |
| Circlet of Nobility | 1 | 175 |
| Staff of Teleportation | 2 | 300 |
| Boots of Speed | 2 | 500 |
| Staff of Sanctuary | 2 | 500 |
| Scroll of Regeneration | 1 | 100 |
| total: | 20 | 3115g |
| Peon | 10 | 750 | / | 0 |
| Troll Batrider | 7 | 1120 | / | 280 |
| total: | 17 | 1870g | / | 280w |
| Watch Tower | 33 | 3630 | / | 2640 |
| Altar of Storms | 2 | 360 | / | 100 |
| Orc Burrow | 4 | 640 | / | 160 |
| Voodoo Lounge | 3 | 390 | / | 90 |
| War Mill | 1 | 205 | / | 0 |
| Beastiary | 2 | 290 | / | 280 |
| Stronghold | 1 | 315 | / | 190 |
| Fortress | 2 | 650 | / | 380 |
| total: | 45 | 5515g | / | 3270w |
| 0:03 | Peon |
| 0:03 | Peon |
| 0:05 | Altar of Storms |
| 0:08 | Altar of Storms |
| 0:09 | Orc Burrow |
| 0:18 | Peon |
| 0:29 | Voodoo Lounge |
| 0:32 | Peon |
| 0:51 | War Mill |
| 1:12 | Peon |
| 1:12 | Peon |
| 1:24 | Orc Burrow |
| 1:34 | Peon |
| 1:50 | Peon |
| 2:06 | Wind Walk |
| 2:08 | Healing Salve |
| 2:09 | Lesser Clarity Potion |
| 2:14 | Watch Tower |
| 2:19 | Peon |
| 2:19 | Peon |
| 2:32 | Watch Tower |
| 2:45 | Circlet of Nobility |
| 3:18 | Stronghold |
| 3:21 | Spiked Barricades |
| 3:40 | Staff of Teleportation |
| 3:49 | Boots of Speed |
| 3:59 | Watch Tower |
| 4:01 | Watch Tower |
| 4:07 | Watch Tower |
| 5:07 | Watch Tower |
| 5:10 | Watch Tower |
| 5:29 | Voodoo Lounge |
| 5:32 | Voodoo Lounge |
| 5:45 | Lesser Clarity Potion |
| 6:10 | Watch Tower |
| 6:15 | Fortress |
| 6:27 | Watch Tower |
| 6:38 | Hex |
| 7:12 | Critical Strike |
| 7:17 | Watch Tower |
| 7:44 | Orc Burrow |
| 8:25 | Watch Tower |
| 8:27 | Watch Tower |
| 8:29 | Reinforced Defenses |
| 8:32 | Beastiary |
| 8:36 | Lesser Clarity Potion |
| 8:38 | Orb of Lightning |
| 8:42 | Healing Salve |
| 8:42 | Lesser Clarity Potion |
| 8:58 | Orc Burrow |
| 9:19 | Watch Tower |
| 9:20 | Watch Tower |
| 9:40 | Beastiary |
| 9:57 | Boots of Speed |
| 9:58 | Staff of Teleportation |
| 10:15 | Troll Batrider |
| 10:45 | Healing Wave |
| 11:05 | Lesser Clarity Potion |
| 11:40 | Troll Batrider |
| 11:40 | Troll Batrider |
| 11:42 | Staff of Sanctuary |
| 12:03 | Orb of Lightning |
| 13:05 | Troll Batrider |
| 13:11 | Watch Tower |
| 13:20 | Liquid Fire |
| 13:43 | Staff of Sanctuary |
| 14:18 | Watch Tower |
| 14:20 | Watch Tower |
| 14:20 | Watch Tower |
| 14:51 | Wind Walk |
| 15:40 | Watch Tower |
| 15:40 | Watch Tower |
| 15:44 | Watch Tower |
| 15:48 | Lesser Clarity Potion |
| 15:52 | Healing Salve |
| 16:45 | Troll Batrider |
| 16:46 | Troll Batrider |
| 16:47 | Steel Ranged Weapons |
| 16:50 | Watch Tower |
| 16:54 | Watch Tower |
| 16:58 | Watch Tower |
| 17:00 | Watch Tower |
| 17:08 | Watch Tower |
| 17:09 | Watch Tower |
| 17:26 | Troll Batrider |
| 18:33 | Watch Tower |
| 19:47 | Healing Wave |
| 20:04 | Lesser Clarity Potion |
| 20:07 | Watch Tower |
| 21:35 | Critical Strike |
| 24:01 | Watch Tower |
| 24:02 | Watch Tower |
| 24:03 | Watch Tower |
| 24:03 | Watch Tower |
| 25:04 | Scroll of Regeneration |
| Right click | 2747 |
| Select group | 1406 |
| Select | 170 |
| Build/train/purchase | 119 |
| Use ability | 67 |
| Chat | 19 |
| Assign group | 13 |
| Minimap ping | 13 |
| Misc. action | 10 |
| Item give/drop | 3 |



| Scroll of Regeneration | 1 | 100 |
| Staff of Sanctuary | 3 | 750 |
| Potion of Mana | 2 | 400 |
| Boots of Speed | 3 | 750 |
| Staff of Teleportation | 3 | 450 |
| Healing Salve | 1 | 100 |
| Orb of Venom | 2 | 650 |
| total: | 15 | 3200g |
| Peasant | 17 | 1275 | / | 0 |
| Priest | 1 | 135 | / | 10 |
| total: | 18 | 1410g | / | 10w |
| Scout Tower | 87 | 2610 | / | 1740 |
| Arcane Tower | 4 | 280 | / | 200 |
| Guard Tower | 55 | 3850 | / | 2750 |
| Altar of Kings | 1 | 180 | / | 50 |
| Farm | 6 | 480 | / | 120 |
| Lumber Mill | 1 | 120 | / | 0 |
| Arcane Vault | 4 | 520 | / | 120 |
| Town Hall | 1 | 385 | / | 205 |
| Blacksmith | 1 | 140 | / | 60 |
| Barracks | 1 | 160 | / | 60 |
| Arcane Sanctum | 1 | 150 | / | 140 |
| Gryphon Aviary | 1 | 140 | / | 150 |
| Keep | 1 | 320 | / | 210 |
| Castle | 1 | 360 | / | 210 |
| total: | 104 | 4885g | / | 2645w |
| 0:02 | Peasant |
| 0:02 | Peasant |
| 0:07 | Altar of Kings |
| 0:18 | Farm |
| 0:24 | Peasant |
| 0:24 | Peasant |
| 0:41 | Scout Tower |
| 0:43 | Peasant |
| 0:50 | Peasant |
| 0:58 | Lumber Mill |
| 1:15 | Scout Tower |
| 1:16 | Scout Tower |
| 1:19 | Scout Tower |
| 1:20 | Peasant |
| 1:20 | Peasant |
| 1:23 | Peasant |
| 1:34 | Peasant |
| 1:35 | Arcane Tower |
| 1:40 | Arcane Tower |
| 1:43 | Peasant |
| 1:54 | Scout Tower |
| 2:02 | Guard Tower |
| 2:06 | Farm |
| 2:09 | Blizzard |
| 2:16 | Guard Tower |
| 2:35 | Scout Tower |
| 2:36 | Guard Tower |
| 2:37 | Scout Tower |
| 2:53 | Scout Tower |
| 2:56 | Peasant |
| 2:56 | Peasant |
| 2:56 | Peasant |
| 3:17 | Guard Tower |
| 3:19 | Scout Tower |
| 3:21 | Scout Tower |
| 3:21 | Scout Tower |
| 3:33 | Guard Tower |
| 3:34 | Scout Tower |
| 3:35 | Scout Tower |
| 3:35 | Scout Tower |
| 3:37 | Brilliance Aura |
| 3:51 | Guard Tower |
| 4:09 | Boots of Speed |
| 4:09 | Staff of Teleportation |
| 4:18 | Arcane Vault |
| 4:22 | Keep |
| 5:02 | Town Hall |
| 5:05 | Scout Tower |
| 5:05 | Scout Tower |
| 5:06 | Scout Tower |
| 5:06 | Scout Tower |
| 5:07 | Scout Tower |
| 5:07 | Scout Tower |
| 5:13 | Guard Tower |
| 5:13 | Guard Tower |
| 5:15 | Farm |
| 5:27 | Guard Tower |
| 5:28 | Guard Tower |
| 5:43 | Scroll of Regeneration |
| 5:47 | Guard Tower |
| 5:52 | Guard Tower |
| 5:54 | Guard Tower |
| 5:57 | Scout Tower |
| 5:58 | Scout Tower |
| 5:58 | Scout Tower |
| 5:59 | Scout Tower |
| 5:59 | Scout Tower |
| 6:00 | Scout Tower |
| 6:00 | Scout Tower |
| 6:01 | Guard Tower |
| 6:04 | Guard Tower |
| 6:12 | Scout Tower |
| 6:13 | Guard Tower |
| 6:14 | Scout Tower |
| 6:19 | Guard Tower |
| 6:28 | Improved Masonry |
| 6:37 | Guard Tower |
| 7:10 | Guard Tower |
| 7:11 | Guard Tower |
| 7:16 | Guard Tower |
| 8:06 | Castle |
| 8:07 | Guard Tower |
| 8:26 | Arcane Sanctum |
| 8:28 | Advanced Masonry |
| 8:29 | Improved Lumber Harvesting |
| 8:41 | Scout Tower |
| 8:42 | Scout Tower |
| 8:42 | Scout Tower |
| 8:42 | Scout Tower |
| 8:43 | Scout Tower |
| 8:43 | Scout Tower |
| 8:44 | Storm Bolt |
| 9:14 | Healing Salve |
| 9:20 | Peasant |
| 9:28 | Guard Tower |
| 9:39 | Magic Sentry |
| 9:39 | Priest |
| 9:45 | Boots of Speed |
| 9:45 | Staff of Teleportation |
| 10:16 | Guard Tower |
| 10:20 | Arcane Vault |
| 10:22 | Arcane Vault |
| 10:25 | Peasant |
| 10:27 | Scout Tower |
| 10:27 | Scout Tower |
| 10:28 | Scout Tower |
| 10:29 | Imbued Masonry |
| 10:34 | Peasant |
| 10:55 | Staff of Sanctuary |
| 10:57 | Guard Tower |
| 11:02 | Arcane Vault |
| 11:28 | Scout Tower |
| 11:28 | Scout Tower |
| 11:29 | Scout Tower |
| 11:46 | Holy Light |
| 12:03 | Guard Tower |
| 12:05 | Scout Tower |
| 12:06 | Scout Tower |
| 12:59 | Scout Tower |
| 12:59 | Scout Tower |
| 13:05 | Scout Tower |
| 13:06 | Scout Tower |
| 13:09 | Staff of Sanctuary |
| 13:14 | Guard Tower |
| 13:19 | Scout Tower |
| 13:19 | Scout Tower |
| 13:20 | Scout Tower |
| 13:20 | Scout Tower |
| 13:21 | Scout Tower |
| 13:21 | Scout Tower |
| 13:21 | Scout Tower |
| 13:22 | Scout Tower |
| 13:22 | Scout Tower |
| 13:23 | Scout Tower |
| 13:23 | Scout Tower |
| 13:24 | Scout Tower |
| 13:25 | Scout Tower |
| 13:32 | Farm |
| 13:33 | Farm |
| 13:33 | Farm |
| 13:43 | Boots of Speed |
| 13:43 | Staff of Teleportation |
| 13:47 | Guard Tower |
| 13:57 | Staff of Sanctuary |
| 14:00 | Guard Tower |
| 14:01 | Guard Tower |
| 14:08 | Guard Tower |
| 14:22 | Guard Tower |
| 14:38 | Guard Tower |
| 14:48 | Guard Tower |
| 15:24 | Blizzard |
| 15:29 | Potion of Mana |
| 15:47 | Scout Tower |
| 15:47 | Scout Tower |
| 15:47 | Scout Tower |
| 15:49 | Scout Tower |
| 15:49 | Scout Tower |
| 15:49 | Scout Tower |
| 15:54 | Guard Tower |
| 15:56 | Scout Tower |
| 15:56 | Scout Tower |
| 15:58 | Scout Tower |
| 16:02 | Guard Tower |
| 16:04 | Scout Tower |
| 16:04 | Scout Tower |
| 16:51 | Guard Tower |
| 16:55 | Arcane Tower |
| 16:57 | Guard Tower |
| 16:57 | Arcane Tower |
| 17:14 | Guard Tower |
| 17:16 | Scout Tower |
| 17:33 | Orb of Venom |
| 17:56 | Orb of Venom |
| 17:56 | Potion of Mana |
| 18:25 | Bash |
| 19:16 | Divine Shield |
| 21:04 | Guard Tower |
| 21:05 | Scout Tower |
| 21:05 | Scout Tower |
| 21:05 | Scout Tower |
| 22:34 | Gryphon Aviary |
| 22:35 | Blacksmith |
| 22:37 | Barracks |
| 23:08 | Guard Tower |
| 23:08 | Guard Tower |
| 23:14 | Scout Tower |
| 23:15 | Scout Tower |
| 23:15 | Scout Tower |
| 23:15 | Scout Tower |
| 23:16 | Scout Tower |
| 23:16 | Scout Tower |
| 23:16 | Scout Tower |
| 23:16 | Scout Tower |
| 23:16 | Scout Tower |
| 23:16 | Scout Tower |
| 23:17 | Scout Tower |
| 23:17 | Scout Tower |
| 23:47 | Brilliance Aura |
| 24:10 | Holy Light |
| 25:00 | Storm Bolt |
| Right click | 3109 |
| Select | 1012 |
| Select group | 272 |
| Build/train/purchase | 204 |
| Use ability | 123 |
| Misc. action | 26 |
| Assign group | 17 |
| Resource trade | 6 |
| Chat | 5 |
| Item give/drop | 4 |
| Remove unit | 3 |
| Minimap ping | 2 |


| Staff of Preservation | 2 | 300 |
| Anti-magic Potion | 1 | 100 |
| Orb of Venom | 3 | 975 |
| Boots of Speed | 2 | 500 |
| Staff of Teleportation | 2 | 300 |
| Circlet of Nobility | 1 | 175 |
| total: | 11 | 2350g |
| Wisp | 31 | 1860 | / | 0 |
| total: | 31 | 1860g | / | 0w |
| Altar of Elders | 1 | 180 | / | 50 |
| Moon Well | 23 | 4140 | / | 920 |
| Hunter's Hall | 1 | 210 | / | 100 |
| Tree of Life | 3 | 1020 | / | 555 |
| Ancient of Wonders | 2 | 180 | / | 60 |
| Tree of Ages | 1 | 320 | / | 180 |
| Tree of Eternity | 2 | 660 | / | 400 |
| total: | 30 | 5730g | / | 1685w |
| 0:01 | Wisp |
| 0:03 | Altar of Elders |
| 0:11 | Wisp |
| 0:18 | Moon Well |
| 0:24 | Wisp |
| 0:34 | Wisp |
| 0:45 | Wisp |
| 0:58 | Wisp |
| 1:04 | Moon Well |
| 1:13 | Wisp |
| 1:29 | Wisp |
| 1:48 | Wisp |
| 2:09 | Moon Well |
| 2:11 | Wisp |
| 2:22 | Wisp |
| 2:37 | Mana Burn |
| 3:14 | Tree of Ages |
| 3:33 | Moon Well |
| 3:40 | Boots of Speed |
| 3:46 | Staff of Teleportation |
| 4:45 | Moon Well |
| 5:51 | Tree of Eternity |
| 6:36 | Evasion |
| 6:45 | Wisp |
| 6:45 | Wisp |
| 6:55 | Shadow Strike |
| 7:15 | Boots of Speed |
| 7:15 | Staff of Teleportation |
| 7:15 | Circlet of Nobility |
| 8:00 | Tree of Eternity |
| 8:51 | Moon Well |
| 8:52 | Moon Well |
| 9:06 | Hunter's Hall |
| 9:34 | Moon Well |
| 9:57 | Blink |
| 10:18 | Moon Well |
| 10:22 | Tree of Life |
| 10:30 | Wisp |
| 10:30 | Wisp |
| 10:32 | Well Spring |
| 10:54 | Ancient of Wonders |
| 11:35 | Moon Well |
| 11:36 | Wisp |
| 11:36 | Wisp |
| 11:37 | Wisp |
| 11:55 | Ultravision |
| 11:56 | Wisp |
| 12:09 | Ancient of Wonders |
| 12:34 | Wisp |
| 12:34 | Wisp |
| 12:34 | Wisp |
| 12:34 | Wisp |
| 12:35 | Wisp |
| 12:43 | Moon Well |
| 12:57 | Staff of Preservation |
| 13:22 | Anti-magic Potion |
| 13:33 | Orb of Venom |
| 13:33 | Orb of Venom |
| 13:58 | Tree of Life |
| 14:45 | Moon Well |
| 14:47 | Orb of Venom |
| 14:48 | Staff of Preservation |
| 15:25 | Mana Burn |
| 15:49 | Moon Well |
| 16:02 | Nature's Blessing |
| 16:04 | Wisp |
| 16:04 | Wisp |
| 16:05 | Wisp |
| 16:05 | Wisp |
| 16:05 | Wisp |
| 16:30 | Moon Well |
| 16:33 | Moon Well |
| 18:10 | Moon Well |
| 18:34 | Wisp |
| 18:34 | Wisp |
| 19:12 | Moon Well |
| 19:30 | Moon Well |
| 20:00 | Moon Well |
| 21:05 | Moon Well |
| 21:41 | Shadow Strike |
| 22:00 | Moon Well |
| 24:03 | Tree of Life |
| 24:26 | Moon Well |
| 24:36 | Moon Well |
| Right click | 1569 |
| Assign group | 531 |
| Select group | 449 |
| Select | 323 |
| Use ability | 114 |
| Resource trade | 101 |
| Build/train/purchase | 77 |
| Chat | 25 |
| Minimap ping | 6 |
| Misc. action | 3 |
| Item give/drop | 2 |
⇛